Map: Ultralove

Players

wootwoot - Winner!

  • Race: Protoss Protoss
  • League: Gold
  • Spawn Location: 7:00

RunningSC

  • Race: Zerg Zerg
  • League: Platinum
  • Spawn Location: 1:00

VOD

Have the link to the VOD?

Description

Time

  • Played on: April 1, 2025, 7:10 p.m.
  • Length: 6:39
Show
View Real Time Build Order
Export as new Build Order

wootwoot Protoss - Winner!

Build Orders:  

Get SALT Encoding   

  12  0:04  Probe  
  13  0:16  Pylon  
  13  0:17  Probe  
  14  0:28  Probe  
  15  0:36  Probe  
  15  0:40  Gateway  
  16  0:44  Probe  
  17  0:59  Gateway  
  17  1:03  Probe  
  18  1:06  Assimilator  
  18  1:17  Assimilator  
  18  1:28  Cybernetics Core  
  18  1:32  Probe  
  19  1:36  Pylon  
  19  1:41  Zealot  
  19  1:44  Probe  
  22  1:56  Probe  
  23  2:05  Warp Gate  
  23  2:07  Adept  
  25  2:12  Probe  
  26  2:39  Nexus  
  26  2:42  Probe  
  27  2:54  Stargate  
  27  2:56  Probe  
  28  3:08  Probe  
  28  3:10  Twilight Council  
  29  3:20  Probe  
  30  3:32  Probe  
  29  3:44  Probe, Pylon  
  29  3:46  Void Ray  
  30  3:50  Shield Battery  
  30  3:54  Adept  
  36  3:59  Charge  
  36  4:00  Probe  
  37  4:03  Probe  
  38  4:13  Probe  
  38  4:15  Probe  
  40  4:19  Void Ray  
  44  4:27  Probe x2  
  46  4:39  Probe x2  
  48  4:51  Probe x2  
  50  4:53  Gateway x2  
  50  4:56  Gateway  
  50  4:57  Gateway  
  50  5:02  Gateway  
  50  5:08  Gateway  
  50  5:18  Pylon  
  50  5:21  Pylon  
  50  5:22  Pylon  
  50  5:28  Zealot x2  
  54  5:34  Pylon  
  54  5:47  Zealot  
  54  5:48  Zealot  
  54  5:49  Zealot  
  60  5:51  Zealot x2  
  60  5:53  Zealot  
  66  6:00  Zealot  
  68  6:10  Zealot x4  
  76  6:15  Zealot  
  76  6:16  Zealot x2  
  82  6:20  Pylon  
  82  6:22  Pylon  
  82  6:34  Zealot x2  
Show
View Real Time Build Order
Export as new Build Order

RunningSC Zerg 

Build Orders: Pool First 

Get SALT Encoding   

  12  0:00  Drone  
  13  0:08  Drone  
  14  0:30  Spawning Pool  
  14  0:31  Extractor  
  14  0:33  Drone  
  13  0:38  Drone  
  14  0:50  Overlord  
  14  1:18  Zergling x2  
  15  1:22  Roach Warren  
  15  1:26  Queen  
  17  1:35  Drone  
  17  1:36  Drone  
  19  1:44  Metabolic Boost  
  19  2:00  Hatchery  
  18  2:12  Queen  
  20  2:17  Drone  
  20  2:20  Drone  
  22  2:37  Overlord  
  22  2:57  Zergling x2  
  22  3:07  Queen  
  22  3:10  Zergling x4  
  26  3:17  Queen  
  28  3:30  Drone x2  
  28  3:31  Drone  
  31  3:34  Drone x2  
  32  3:43  Queen  
  34  3:48  Spore Crawler  
  34  3:54  Drone x2  
  35  3:55  Overlord  
  35  4:07  Overlord  
  35  4:08  Overlord  
  35  4:29  Drone x5  
  35  4:30  Drone x2  
  42  4:37  Drone  
  43  4:38  Spore Crawler  
  42  4:48  Hatchery  
  42  5:01  Queen  
  45  5:08  Lair  
  45  5:09  Drone  
  45  5:10  Drone  
  45  5:16  Zergling x2  
  46  5:25  Zergling x4  
  46  5:26  Zergling x4  
  46  5:27  Zergling x2  
  51  5:31  Baneling Nest  
  50  5:36  Queen  
  51  5:43  Spore Crawler, Zergling x2  
  50  5:56  Drone  
  50  5:57  Drone x5  
  53  5:58  Drone x3  
  53  5:59  Overlord  
  61  6:20  Zergling x4  
Tags
 
Matchup
PvZ
Opening
Pool First
Replay Pack
B2M-Replays
Spawn Locations
Cross Positions
Add a new tag
Caveats
  • Supply blocks, unpowered buildings, or Contaminate may cause inaccurate times.
  • Supply counts are checked every 10 seconds.